 Dungeon Crawl Stone Soup version 0.30.1-11-g7821555f0a (webtiles) character file.

Game seed: 10826712350293939105

534 AuftragZ the Gusty (level 7, -2/51 HPs)
             Began as a Gnoll Air Elementalist on Nov 27, 2023.
             Killed by nerve-wracking pain
             ... invoked by an orc priest
              (11 damage)
             ... on level 4 of the Dungeon.
             The game lasted 00:15:08 (4238 turns).

AuftragZ the Gusty (Gnoll Air Elementalist)         Turns: 4238, Time: 00:15:08

Health: -2/51      AC:  2    Str:  7    XL:     7   Next: 25%
Magic:  4/15       EV: 18    Int: 17    God:
Gold:   190        SH:  0    Dex: 12    Spells: 7/17 levels left

rFire   + . .        h - +2 dagger (drain)
rCold   + . .        (no shield)
rNeg    . . .        a - +0 robe
rPois   .            (no helmet)
rElec   .            m - scarf {rC+ rF+}
rCorr   .            (no gloves)
SInv    +            (no boots)
Will    .....        (no amulet)
Stlth   +++          t - +5 ring of evasion
HPRegen 0.28/turn    i - ring of see invisible
MPRegen 0.14/turn

%: no passive effects
@: no status effects
A: fangs 1, strong nose, distributed training
a: no special abilities


You were on level 4 of the Dungeon.
You visited 1 branch of the dungeon, and saw 4 of its levels.

You collected 190 gold pieces.

Inventory:

Hand Weapons
 h - a +2 dagger of draining (weapon)
 k - a +0 scythe of flaming
Armour
 a - a +0 robe (worn)
 m - a scarf of resistance (worn)
Jewellery
 i - a ring of see invisible (right hand)
 t - a +5 ring of evasion (left hand)
Wands
 j - a wand of flame (31)
 l - a wand of iceblast (19)
Scrolls
 n - a scroll of immolation
 p - 2 scrolls of brand weapon {unknown}
 q - a scroll of amnesia {unknown}
 r - 3 scrolls of identify
 u - a scroll of vulnerability {unknown}
Potions
 c - a potion of haste {unknown}
 d - 2 potions of attraction {unknown}
 e - a potion of mutation {unknown}
 f - 6 potions of heal wounds {unknown}
 g - 2 potions of brilliance {unknown}
 o - 3 potions of degeneration {unknown}
 s - a potion of curing {unknown}
 v - a potion of might {unknown}


   Skills:
 + Level 2.4 Fighting
 + Level 2.4 Short Blades
 + Level 2.4 Long Blades
 + Level 2.4 Axes
 + Level 2.4 Maces & Flails
 + Level 2.4 Polearms
 + Level 2.4 Staves
 + Level 2.4 Ranged Weapons
 + Level 2.4 Throwing
 + Level 2.4 Armour
 + Level 5.2 Dodging
 + Level 4.9 Stealth
 + Level 2.4 Shields
 + Level 2.4 Unarmed Combat
 + Level 5.6 Spellcasting
 + Level 3.0 Conjurations
 + Level 2.0 Hexes
 + Level 2.0 Summonings
 + Level 2.0 Necromancy
 + Level 2.0 Translocations
 + Level 2.0 Transmutations
 + Level 2.0 Fire Magic
 + Level 2.0 Ice Magic
 + Level 5.8 Air Magic
 + Level 2.0 Earth Magic
 + Level 2.0 Poison Magic
 + Level 2.7 Invocations
 + Level 2.4 Evocations


You had 7 spell levels left.
You knew the following spells:

 Your Spells              Type           Power      Damage    Failure   Level
a - Shock                 Conj/Air       76%        1d7       2%          1
b - Static Discharge      Conj/Air       38%        2-4/arc   3%          2
c - Swiftness             Air            24%        N/A       3%          3
d - Airstrike             Air            12%        2d(2-18)  12%         4

Your spell library contained the following spells:

 Spells                   Type           Power      Damage    Failure   Level
 Summon Small Mammal      Summ           44%        N/A       6%          1
 Ensorcelled Hibernation  Hex/Ice        22%        N/A       9%          2
 Passwall                 Tmut/Erth      9%         N/A       9%          2
 Call Canine Familiar     Summ           11%        N/A       17%         3
 Frozen Ramparts          Ice            22%        1d4       17%         3
 Summon Guardian Golem    Hex/Summ       11%        N/A       17%         3
 Ice Form                 Ice/Tmut       11%        N/A       50%         4
 Olgreb's Toxic Radiance  Pois           11%        N/A       50%         4
 Summon Ice Beast         Ice/Summ       11%        N/A       50%         4
 Discord                  Hex            5%         N/A       100%        8
 Ignition                 Fire           5%         3d4       100%        8


Dungeon Overview and Level Annotations

Branches:
Dungeon (4/15)
 Temple: D:4-7

Altars:


Innate Abilities, Weirdness & Mutations

You have very sharp teeth.
Your uncanny sense of smell can sniff out nearby items.
Your experience applies equally to all skills.


Message History

The orc priest is heavily wounded.
The orc priest calls down the wrath of Beogh upon you.
Beogh smites you!
The orc priest miscasts a cantrip.
Casting: Shock (safe; 2% risk of failure)
Confirm with . or Enter, or press ? or * to list all spells.
The spell is quite dangerous to miscast (12% risk of failure)!
Continue anyway?
Aiming: Airstrike (quite dangerous; 12% risk of failure)
Press: ? - help, Dir - move target, f - orc warrior
Aim: an orc warrior, wielding a +2 heavy trident and wearing a +0 chain mail (moderately wounded, empty space bonus: 8/8)
The air twists around and strikes the orc warrior.
The orc warrior is moderately wounded.
The orc warrior barely misses you.
Casting: Airstrike (quite dangerous; 12% risk of failure)
Confirm with . or Enter, or press ? or * to list all spells.
You don't have enough magic to cast this spell.
Casting: Airstrike (quite dangerous; 12% risk of failure)
Confirm with . or Enter, or press ? or * to list all spells.
You feel quick. The orc warrior misses you.
The orc priest calls upon Beogh to heal the orc.
The orc's wounds heal themselves!
You start to feel a little slower.
You open the door.
You feel sluggish.
There is an open door here.
The orc warrior hits you from afar with a +2 heavy trident!
The orc warrior hits you from afar with a +2 heavy trident!
The orc closely misses you. The orc attacks as you move away!
The orc completely misses you.
You start to feel a little faster.
Okay, then.
As you read the scroll of fog, it crumbles to dust.
The scroll dissolves into smoke.
The orc warrior misses you.
You no longer feel sluggish.
The orc warrior hits you from afar with a +2 heavy trident!
* * * LOW HITPOINT WARNING * * *
The orc warrior misses you.
The orc priest mumbles some strange prayers to Beogh against you.
Pain shoots through your body!
You die...

.###..###..##.....#...+
>..#..†<.........oo...#
...#...).†.##..####.###
...)))..)..##..####§#######
..###'###).##...§§§§§§.....
#'###.###..##...#§§§§§§..##
....#...#.......#o§§§§§..#
....#...#.......#..o.§§....
....#...'.......@...§...###
....#...#..##..#.≈≈≈≈≈≈≈...
...##..######..#.≈......≈≈≈
...##+###..##....≈.#####...
....+......#.....≈.# ###
....#......#.....≈.#
...##<.##..##....≈.#
.>.##..##..##....≈.#
...........##..#≈.#.≈.#


You could see an orc warrior and an orc priest.

Vanquished Creatures
  Sigmund (D:2)
  An orc priest (D:4)
  Terence (D:3)
  2 orc wizards (D:4)
  Natasha (thrice) (D:3)
  5 adders
  6 gnolls
  9 orcs
  5 bats
  11 endoplasms
  17 giant cockroaches
  5 goblins
  5 hobgoblins
  7 jackals
  2 quokkas
  A ball python (D:4)
  8 kobolds
  A rat (D:3)
90 creatures vanquished.

Notes
Turn   | Place    | Note
-------+----------+-------------------------------------------
     0 | D:1      | AuftragZ the Gnoll Air Elementalist began the quest for the
                  | Orb.
     0 | D:1      | Reached XP level 1. HP: 13/13 MP: 6/6
   245 | D:1      | Reached XP level 2. HP: 19/19 MP: 4/7
   651 | D:1      | Reached skill level 5 in Spellcasting
   651 | D:1      | Reached XP level 3. HP: 25/25 MP: 3/9
   892 | D:2      | Noticed Sigmund
   910 | D:2      | Killed Sigmund
   911 | D:2      | Reached skill level 1 in Fighting
   911 | D:2      | Reached skill level 1 in Short Blades
   911 | D:2      | Reached skill level 1 in Long Blades
   911 | D:2      | Reached skill level 1 in Axes
   911 | D:2      | Reached skill level 1 in Maces & Flails
   911 | D:2      | Reached skill level 1 in Polearms
   911 | D:2      | Reached skill level 1 in Staves
   911 | D:2      | Reached skill level 1 in Ranged Weapons
   911 | D:2      | Reached skill level 1 in Throwing
   911 | D:2      | Reached skill level 1 in Armour
   911 | D:2      | Reached skill level 1 in Shields
   911 | D:2      | Reached skill level 1 in Unarmed Combat
   911 | D:2      | Reached skill level 1 in Hexes
   911 | D:2      | Reached skill level 1 in Summonings
   911 | D:2      | Reached skill level 1 in Necromancy
   911 | D:2      | Reached skill level 1 in Translocations
   911 | D:2      | Reached skill level 1 in Transmutations
   911 | D:2      | Reached skill level 1 in Fire Magic
   911 | D:2      | Reached skill level 1 in Ice Magic
   911 | D:2      | Reached skill level 1 in Earth Magic
   911 | D:2      | Reached skill level 1 in Poison Magic
   911 | D:2      | Reached skill level 1 in Invocations
   911 | D:2      | Reached skill level 1 in Evocations
   911 | D:2      | Reached XP level 4. HP: 19/32 MP: 1/11
   911 | D:2      | Reached XP level 5. HP: 22/37 MP: 1/12
  1036 | D:2      | HP: 1/38 [gnoll/+0 halberd (4)]
  1196 | D:2      | Learned a level 2 spell: Static Discharge
  1200 | D:2      | Learned a level 3 spell: Swiftness
  1274 | D:2      | Reached XP level 6. HP: 38/44 MP: 0/13
  1410 | D:2      | Learned a level 4 spell: Airstrike
  1575 | D:2      | Found a faded altar of an unknown god.
  1797 | D:2      | Reached skill level 5 in Dodging
  2519 | D:3      | Noticed Natasha
  2525 | D:3      | Killed Natasha
  3054 | D:3      | Noticed Natasha
  3057 | D:3      | Killed Natasha
  3273 | D:3      | Noticed Terence
  3285 | D:3      | Killed Terence
  3814 | D:3      | Noticed Natasha
  3822 | D:3      | Killed Natasha
  3823 | D:3      | Reached XP level 7. HP: 22/50 MP: 8/15
  4238 | D:4      | Killed from afar by an orc priest

Illustrated notes

Levels and vault maps discovered:
D:1:      lightli_molten_gateway, layout_rooms, chequers_serial_rivers_micro_b
D:2:      minmay_roachtagon, layout_basic, hellmonk_ecumenical_altar_blasted,
          uniq_sigmund
D:3:      layout_basic, st_stairs_7, hangedman_decor_peaks_small, uniq_natasha,
          uniq_terence
D:4:      layout_gridville, nicolae_overflow_squiral

Skill      XL: |  1  2  3  4  5  6  7 |
---------------+----------------------+-----
Conjurations   | 2 3 |  3.0
Spellcasting   | 5 |  5.6
Fighting       | 1 2 |  2.4
Short Blades   | 1 2 |  2.4
Long Blades    | 1 2 |  2.4
Axes           | 1 2 |  2.4
Maces & Flails | 1 2 |  2.4
Polearms       | 1 2 |  2.4
Staves         | 1 2 |  2.4
Ranged Weapons | 1 2 |  2.4
Throwing       | 1 2 |  2.4
Armour         | 1 2 |  2.4
Shields        | 1 2 |  2.4
Unarmed Combat | 1 2 |  2.4
Hexes          | 1 2 |  2.0
Summonings     | 1 2 |  2.0
Necromancy     | 1 2 |  2.0
Translocations | 1 2 |  2.0
Transmutations | 1 2 |  2.0
Fire Magic     | 1 2 |  2.0
Ice Magic      | 1 2 |  2.0
Earth Magic    | 1 2 |  2.0
Poison Magic   | 1 2 |  2.0
Invocations    | 1 2 |  2.7
Evocations     | 1 2 |  2.4
Dodging        | 5 |  5.2
Stealth        | |  4.9
Air Magic      | |  5.8

Action                     |  1- 3 |  4- 6 |  7- 9 || total
---------------------------+-------+-------+-------++-------
  Melee: Unarmed           |     6 |       |       ||     6
         Bite              |     1 |       |     1 ||     2
         Dagger            |       |     4 |     9 ||    13
         Punch             |       |       |     1 ||     1
   Cast: Shock             |    49 |    98 |    33 ||   180
         Static Discharge  |       |    15 |     1 ||    16
         Swiftness         |       |     2 |     1 ||     3
         Airstrike         |       |     2 |     1 ||     3
    Use: Scroll            |     1 |     1 |     1 ||     3
         Potion            |       |     1 |       ||     1
 Armour: Robe              |     4 |     3 |     1 ||     8
  Dodge: Dodged            |    13 |    10 |    11 ||    34
